 Dungeon Crawl Stone Soup version 0.29.1-2-gbd0b4ee654 (webtiles) character file.

Game seed: 4311628037374420256

132 warriortoast the Sneak (level 4, 0/21 HPs)
             Began as a Spriggan Enchanter on Nov 9, 2022.
             Succumbed to Crazy Yiuf's poison
             ... on level 3 of the Dungeon on Nov 15, 2022.
             The game lasted 00:15:18 (4585 turns).

warriortoast the Sneak (Spriggan Enchanter)         Turns: 4585, Time: 00:15:19

Health: 0/21       AC:  2    Str:  4    XL:     4   Next: 92%
Magic:  4/11       EV: 17    Int: 16    God:
Gold:   34         SH:  0    Dex: 17    Spells: 6/11 levels left

rFire   . . .      SeeInvis +   y - +2 short sword (venom)
rCold   . . .      Faith    .   (no shield)
rNeg    . . .      Spirit   .   b - +0 robe
rPois   .          Reflect  .   (helmet restricted)
rElec   .          Harm     .   (no cloak)
rCorr   .          Rampage  .   (gloves unavailable)
Will    .....                   (boots unavailable)
Stlth   +++.......              (no amulet)
HPRegen 0.07/turn               (no ring)
MPRegen 0.12/turn               (no ring)

@: lethally poisoned (0 -> -29), very slightly contaminated, very quick
A: very small, no large weapons, unfitting armour, see invisible, speed 3
a: no special abilities


You were on level 3 of the Dungeon.
You visited 1 branch of the dungeon, and saw 3 of its levels.

You collected 157 gold pieces.
You spent 123 gold pieces at shops.

Inventory:

Hand Weapons
 a - a +3 dagger
 e - a +0 short sword
 p - a +0 sling
 r - a +1 dagger
 y - a +2 short sword of venom (weapon)
Missiles
 j - 14 poisoned darts (quivered)
Armour
 b - a +0 robe (worn)
Jewellery
 g - a +6 ring of intelligence
Wands
 x - a wand of mindburst (2)
Scrolls
 d - 2 scrolls of enchant armour {unknown}
 i - 3 scrolls of identify {unknown}
 k - a scroll of vulnerability {unknown}
 l - a scroll of poison {unknown}
 n - a scroll of summoning {unknown}
 o - 2 scrolls of blinking {unknown}
 q - a scroll of immolation {unknown}
 s - a scroll of noise {unknown}
 w - 3 scrolls of magic mapping {unknown}
Potions
 c - 3 potions of invisibility
 f - 3 potions of haste {unknown}
 h - 2 potions of curing {unknown}
 m - a potion of ambrosia {unknown}
 t - a potion of degeneration {unknown}
 u - 2 potions of cancellation {unknown}
 v - a potion of magic {unknown}
 z - a potion of might {unknown}
 A - a potion of heal wounds {unknown}


   Skills:
 - Level 1.1 Short Blades
 + Level 1.2 Ranged Weapons
 - Level 2.6 Dodging
 + Level 6.0 Stealth
 + Level 4.1 Spellcasting
 + Level 4.8 Hexes


You had 6 spell levels left.
You knew the following spells:

 Your Spells              Type           Power      Damage    Failure   Level
a - Ensorcelled Hibernat  Hex/Ice        20%        N/A       10%         2
b - Confusing Touch       Hex            18%        N/A       7%          3

Your spell library contained the following spells:

 Spells                   Type           Power      Damage    Failure   Level
 Tukima's Dance           Hex            18%        N/A       7%          3
 Necrotise                Necr           12%        1d4       17%         1
 Dazzling Flash           Conj/Hex       20%        N/A       19%         3
 Vampiric Draining        Necr           3%         2d6       45%         3
 Agony                    Necr           3%         N/A       99%         5


Dungeon Overview and Level Annotations

Branches:
Dungeon (3/15)

Altars:
Nemelex Xobeh

Shops:
D:3 *

Annotations:
D:3 Crazy Yiuf


Innate Abilities, Weirdness & Mutations

You are very small and have problems with some larger weapons.
You are too small for most types of armour.
You have supernaturally acute eyesight. (SInv)
You cover ground extremely quickly. (Speed+++)


Message History

Aiming: Ensorcelled Hibernation (safe; 10% risk of failure)
Press: ? - help, Shift-Dir - straight line, f/p - Crazy Yiuf
Aim: Crazy Yiuf, wielding a +2 quarterstaff of chaos and wearing a +0 cloak (chance to affect: 52%)
Okay, then.
Casting: Ensorcelled Hibernation (safe; 10% risk of failure)
Confirm with . or Enter, or press ? or * to list all spells.
Aiming: Ensorcelled Hibernation (safe; 10% risk of failure)
Press: ? - help, Shift-Dir - straight line, f/p - Crazy Yiuf
Aim: Crazy Yiuf, wielding a +2 quarterstaff of chaos and wearing a +0 cloak (chance to affect: 52%) Crazy Yiuf resists with significant effort.
Crazy Yiuf grits, "Peeping bush spinner!"
Casting: Ensorcelled Hibernation (safe; 10% risk of failure)
Confirm with . or Enter, or press ? or * to list all spells.
Aiming: Ensorcelled Hibernation (safe; 10% risk of failure)
Press: ? - help, Shift-Dir - straight line, f/p - Crazy Yiuf
Aim: Crazy Yiuf, wielding a +2 quarterstaff of chaos and wearing a +0 cloak (chance to affect: 52%)
You miscast Ensorcelled Hibernation.
You are very lightly contaminated with residual magic.
Nothing appears to happen.
Casting: Ensorcelled Hibernation (safe; 10% risk of failure)
Confirm with . or Enter, or press ? or * to list all spells.
Aiming: Ensorcelled Hibernation (safe; 10% risk of failure)
Press: ? - help, Shift-Dir - straight line, f/p - Crazy Yiuf
Aim: Crazy Yiuf, wielding a +2 quarterstaff of chaos and wearing a +0 cloak (chance to affect: 52%) Crazy Yiuf resists with significant effort.
Crazy Yiuf grits, "Walk!
Goldfish verde blue."
Casting: Ensorcelled Hibernation (safe; 10% risk of failure)
Confirm with . or Enter, or press ? or * to list all spells.
Aiming: Ensorcelled Hibernation (safe; 10% risk of failure)
Press: ? - help, Shift-Dir - straight line, f/p - Crazy Yiuf
Aim: Crazy Yiuf, wielding a +2 quarterstaff of chaos and wearing a +0 cloak (chance to affect: 52%) Crazy Yiuf looks drowsy...
The helpless Crazy Yiuf fails to defend himself.
You puncture Crazy Yiuf!
Crazy Yiuf is poisoned.
Crazy Yiuf is almost dead.
Crazy Yiuf hits you with a +2 quarterstaff of chaos!
Ouch! That really hurt!
* * * LOW HITPOINT WARNING * * *
You are lethally poisoned!
You die...

#######..# #.## #
#.# ######## #.#
.).....## #.#
######..#######.##
# ##.........g# #
##########.##### #
#....@....#
#.........# ######
#.........# .....#
#.........# ####.#
#####.##### ###
#.# ..# #.# #.##
.######.##### #..#
............###


You could see Crazy Yiuf (very poisoned).

Vanquished Creatures
  An orc priest (D:3)
  4 adders
  3 worms
  4 orcs
  3 endoplasms
  2 giant cockroaches (D:2)
  6 hobgoblins
  5 kobolds
  4 quokkas
  7 ball pythons
  4 bats
  2 frilled lizards
  7 goblins
  A rat (D:3)
53 creatures vanquished.

Notes
Turn   | Place    | Note
-------+----------+-------------------------------------------
     0 | D:1      | warriortoast the Spriggan Enchanter began the quest for the
                  | Orb.
     0 | D:1      | Reached XP level 1. HP: 9/9 MP: 5/5
  1026 | D:1      | Reached XP level 2. HP: 13/13 MP: 7/7
  1103 | D:1      | Learned a level 2 spell: Ensorcelled Hibernation
  1895 | D:1      | Reached skill level 5 in Stealth
  1948 | D:1      | Found a faded altar of an unknown god.
  2680 | D:2      | Reached XP level 3. HP: 16/16 MP: 5/8
  3149 | D:2      | Learned a level 3 spell: Confusing Touch
  3537 | D:2      | Found a sparkling altar of Nemelex Xobeh.
  4105 | D:3      | Reached XP level 4. HP: 21/21 MP: 10/10
  4161 | D:3      | Found Naoczom's Assorted Antiques.
  4171 | D:3      | Bought a scroll labelled MENUISEANI for 21 gold pieces
  4171 | D:3      | Bought a red potion for 18 gold pieces
  4171 | D:3      | Bought a scroll labelled MENUISEANI for 21 gold pieces
  4171 | D:3      | Bought 2 scrolls labelled BYTEKH QIAWKUOZAH for 42 gold
                  | pieces
  4171 | D:3      | Bought a scroll labelled BYTEKH QIAWKUOZAH for 21 gold
                  | pieces
  4464 | D:3      | Reached skill level 1 in Ranged Weapons
  4464 | D:3      | Reached skill level 6 in Stealth
  4554 | D:3      | Found a runed translucent door.
  4555 | D:3      | Noticed Crazy Yiuf
  4585 | D:3      | Succumbed to Crazy Yiuf's poison

Illustrated notes

Levels and vault maps discovered:
D:1:      minmay_arrival_four_circles, layout_basic,
          chequers_ecumenical_altar_twisty
D:2:      minmay_door_path, layout_basic, basic_altar
D:3:      layout_rooms, serial_shops, shop, uniq_crazy_yiuf_cottage

Skill      XL: |  1  2  3  4 |
---------------+-------------+-----
Spellcasting   | 3 4 |  4.1
Hexes          | 4 |  4.8
Stealth        | 5 6 |  6.0
Ranged Weapons | 1 |  1.2
Short Blades   | |  1.1
Dodging        | |  2.6

Action                   |  1- 3 |  4- 6 || total
-------------------------+-------+-------++-------
Melee: Short sword       |    46 |     6 ||    52
       Dagger            |    62 |     5 ||    67
 Fire: Sling             |    36 |    25 ||    61
Throw: Dart              |     8 |     2 ||    10
 Cast: Ensorcelled Hiber |    15 |     7 ||    22
 Stab: Sleeping          |    17 |     4 ||    21
Armor: Robe              |     8 |       ||     8
Dodge: Dodged            |    81 |     9 ||    90
